 Dungeon Crawl Stone Soup version 0.21-a0-442-g848f44b (webtiles) character file.

113 slep the Slasher (level 4, -2/41 HPs)
             Began as a Hill Orc Monk on Nov 14, 2017.
             Slain by Crazy Yiuf
             ... wielding a +4 quarterstaff of chaos
              (10 damage)
             ... on level 2 of the Dungeon.
             The game lasted 00:05:55 (1402 turns).

slep the Slasher (Hill Orc Monk)                    Turns: 1402, Time: 00:05:56

Health: -2/41      AC:  9    Str: 13    XL:     4   Next: 96%
Magic:  2/4        EV: 12    Int: 10    God:
Gold:   81         SH:  0    Dex: 14    Spells: 3/3 levels left

rFire    . . .     SeeInvis .   a - +0 falchion
rCold    . . .     Gourm    .   (no shield)
rNeg     . . .     Faith    .   d - +0 ring mail
rPois    .         Spirit   .   (no helmet)
rElec    .         Reflect  .   (no cloak)
rCorr    .         Harm     .   (no gloves)
MR       .....                  (no boots)
Stlth    +.........             (no amulet)
HPRegen  0.13/turn              m - +4 ring of protection
MPRegen  0.09/turn              (no ring)

@: slowed, very slow
A: no striking features
a: no special abilities


You were on level 2 of the Dungeon.
You were hungry.

You visited 1 branch of the dungeon, and saw 2 of its levels.

You collected 81 gold pieces.

Inventory:

Hand Weapons
 a - a +0 falchion (weapon)
 g - a +1 short sword of protection
 q - a +2 antimagic flail
Armour
 b - a +0 robe
 d - a +0 ring mail (worn)
Jewellery
 m - a +4 ring of protection (left hand)
Scrolls
 e - a scroll of teleportation {unknown}
 j - a scroll of remove curse {unknown}
 l - a scroll of random uselessness {unknown}
 n - 2 scrolls of blinking {unknown}
 o - a scroll of amnesia {unknown}
 p - a scroll of enchant armour {unknown}
 t - a scroll of identify {unknown}
Potions
 h - 2 potions of flight {unknown}
 i - a potion of lignification {unknown}
 k - a potion of cancellation {unknown}
 s - a potion of heal wounds {unknown}
Comestibles
 c - 2 bread rations
 f - 3 meat rations
 r - a royal jelly


   Skills:
 + Level 4.3 Fighting
 + Level 4.7 Long Blades
 + Level 0.9 Armour
 + Level 3.1 Dodging
 + Level 1.6 Stealth


You had 3 spell levels left.
You didn't know any spells.

Dungeon Overview and Level Annotations

Branches:
Dungeon (2/15)

Altars:
Qazlal

Annotations:
D:2 Crazy Yiuf


Message History

Crazy Yiuf is severely wounded.
Crazy Yiuf hits you with a quarterstaff of chaos!
You hit Crazy Yiuf.
Crazy Yiuf is almost dead.
Crazy Yiuf hits you with a quarterstaff of chaos.
You feel yourself slow down.
You hit Crazy Yiuf.
Crazy Yiuf is almost dead.
Crazy Yiuf hits you with a quarterstaff of chaos!
* * * LOW HITPOINT WARNING * * *
You feel your power leaking away.
Crazy Yiuf hits you with a quarterstaff of chaos.
* * * LOW HITPOINT WARNING * * *
You hit Crazy Yiuf but do no damage.
Crazy Yiuf is almost dead.
Crazy Yiuf closely misses you.
You hit Crazy Yiuf but do no damage.
Crazy Yiuf is almost dead.
Crazy Yiuf hits you with a quarterstaff of chaos!
You die...

.......###............#
######.###............# .##
#.#.#............# #.##
#.#.##############
.#.###.#.## ..#.##.#..#
♣♣♣♣♣### ...#.#....# ####
♣♣♣.♣....## ....#.##..#
#...#♣..♣......##
.....###..#
#..g@.♣♣♣♣PP....#
.......#..# #)..#♣♣ ♣♣P....#
..........# #### ♣♣##..#
.......##.# #.## #+#...#.#.#
#.# #)#..<..#.###########
##.#
......#.#.#...#...#'#####..#
#.#####.#.#.#.............##
#......................####


You could see Crazy Yiuf.

Vanquished Creatures
  Terence (D:2)
  Natasha (D:2)
  2 adders (D:2)
  An ooze (D:1)
  An adder zombie (D:1)
  A dart slug (D:1)
  A worm (D:2)
  4 bats (D:1)
  A giant cockroach (D:2)
  4 goblins (D:1)
  5 hobgoblins
  4 jackals (D:1)
  A frilled lizard (D:2)
  A jackal zombie (D:1)
  2 kobolds
  6 rats
36 creatures vanquished.

Notes
Turn   | Place    | Note
-------+----------+-------------------------------------------
     0 | D:1      | slep the Hill Orc Monk began the quest for the Orb.
     0 | D:1      | Reached XP level 1. HP: 19/19 MP: 1/1
   109 | D:1      | Reached XP level 2. HP: 25/27 MP: 2/2
   245 | D:1      | Reached XP level 3. HP: 27/33 MP: 3/3
   821 | D:2      | Found a runed door.
   944 | D:2      | Noticed Terence
   951 | D:2      | Killed Terence
   951 | D:2      | Reached XP level 4. HP: 28/40 MP: 4/4
  1106 | D:2      | Found a stormy altar of Qazlal.
  1241 | D:2      | Noticed Natasha
  1251 | D:2      | Killed Natasha
  1388 | D:2      | Noticed Crazy Yiuf
  1402 | D:2      | Slain by Crazy Yiuf

Vault maps used:
D:1:      saegor_arrival_fortress, hangedman_decor_riveting, minmay_distorted
D:2:      wad_pebble_path, grunt_qazlal_clouds, uniq_terence, uniq_natasha,
          uniq_crazy_yiuf_cottage

Skill      XL: |  1  2  3  4 |
---------------+-------------+-----
Fighting       | 4 |  4.3
Long Blades    | 4 |  4.7
Dodging        | 3 |  3.1
Armour         | |  0.9
Stealth        | |  1.6

Action                   |  1- 3 |  4- 6 || total
-------------------------+-------+-------++-------
Melee: Falchion          |   108 |    33 ||   141
  Use: Potion            |     1 |       ||     1
  Eat: Chunk             |       |     1 ||     1
Armor: Ring mail         |    55 |     6 ||    61
Dodge: Dodged            |    94 |    17 ||   111
       Rpst.: Falchion   |    23 |     8 ||    31

Table legend:
 A = Spawn XP
 B = Non-spawn XP
 C = Spawn XP percentage of total XP
 D = Spawn monster count
 E = Non-spawn monster count
 F = Spawn count percentage of total count
 G = Total turns spent on level
                    A         B        C        D         E        F      G
               +---------+---------+-------+---------+---------+-------+---------
         Total |       0 |     162 |   0.0 |       0 |      36 |   0.0 |  1402
               +---------+---------+-------+---------+---------+-------+---------
           D:1 |       0 |      53 |   0.0 |       0 |      25 |   0.0 |   749
           D:2 |       0 |     109 |   0.0 |       0 |      11 |   0.0 |   653
               +---------+---------+-------+---------+---------+-------+---------
